 Dungeon Crawl Stone Soup version 0.27.1-2-g3b301248ec (webtiles) character file.

Game seed: 14802903764542971167

129 Cape the Skirmisher (level 4, -3/41 HPs)
             Began as a Minotaur Berserker on Sept 26, 2021.
             Was a Believer of Trog.
             Killed from afar by an electric eel (9 damage)
             ... with a bolt of electricity
             ... on level 3 of the Dungeon on Sept 27, 2021.
             The game lasted 00:18:00 (2704 turns).

Cape the Skirmisher (Minotaur Berserker)            Turns: 2704, Time: 00:18:02

Health: -3/41      AC:  7    Str: 22    XL:     4   Next: 88%
Magic:  3/3        EV: 11    Int:  4    God:    Trog [**....]
Gold:   73         SH:  0    Dex: 10    Spells: 3/3 levels left

rFire    . . .     SeeInvis .   a - +0 hand axe
rCold    . . .     Faith    .   (no shield)
rNeg     . . .     Spirit   .   h - +2 ring mail {rPois}
rPois    +         Reflect  .   (helmet restricted)
rElec    .         Harm     .   (no cloak)
rCorr    .         Rampage  .   (no gloves)
Will     .....                  (no boots)
Stlth    ..........             (no amulet)
HPRegen  0.13/turn              c - ring of poison resistance
MPRegen  0.08/turn              (no ring)

@: no status effects
A: horns 2, retaliatory headbutt
a: Renounce Religion, Berserk, Trog's Hand


You were on level 3 of the Dungeon.
You worshipped Trog.
Trog was pleased with you.
You visited 1 branch of the dungeon, and saw 3 of its levels.

You collected 73 gold pieces.

Inventory:

Hand Weapons
 a - a +0 hand axe (weapon)
Missiles
 e - 106 stones (quivered)
Armour
 h - a +2 ring mail of poison resistance (worn)
 p - a +0 scale mail
Jewellery
 c - a ring of poison resistance (left hand)
 n - an amulet of guardian spirit
Wands
 q - a wand of flame (10)
Scrolls
 b - a scroll of fear {unknown}
 d - a scroll of fog {unknown}
 f - a scroll of holy word {unknown}
 i - a scroll of identify
 j - a scroll of acquirement {unknown}
 o - a scroll of amnesia {unknown}
Potions
 g - 2 potions of heal wounds {unknown}
 k - a potion of flight {unknown}
 l - a potion of curing {unknown}
 m - a potion of cancellation


   Skills:
 + Level 4.7 Fighting
 - Level 3.9(4.5) Axes
 * Level 3.4(4.3) Maces & Flails
 + Level 3.5 Armour
 - Level 2.3 Dodging


You had 3 spell levels left.
You didn't know any spells.
Your spell library was empty.

Dungeon Overview and Level Annotations

Branches:
Dungeon (3/15)

Altars:

Annotations:
D:3 1 transporter


Innate Abilities, Weirdness & Mutations

You have a pair of horns on your head.
You reflexively headbutt those who attack you in melee.


Message History

Found a transporter.
e - 106 stones (gained 23)
Found a trident.
There is a transporter here.
You enter the transporter and appear at another place.
Found a glowing scarf.
q - a wand of flame (10)
You open the door.
The electric eel shoots out a bolt of lightning at you!
The bolt of electricity hits you! x2
Unknown command.
As you close the door, it creaks loudly!
You hit the plant.
The plant begins to die.
The plant is lightly damaged.
You slash the plant!
The plant is lightly damaged.
You hit the plant. You headbutt the plant!
The plant is lightly damaged.
A nearby plant withers and dies.
You enter the shallow water.
Moving in this stuff is going to be slow.
You open the door.
The electric eel shoots out a bolt of lightning at you!
The bolt of electricity hits you!
* * * LOW HITPOINT WARNING * * *
The bolt of electricity hits you.
* * * LOW HITPOINT WARNING * * *
The bolt of electricity hits the plant!
The plant begins to die.
There is an open door here.
Okay, then.
You are too injured to fight recklessly!
Unknown command.
You start putting on your amulet.
You continue putting on your amulet of guardian spirit.
The electric eel shoots out a bolt of lightning at you!
Keep equipping yourself?
Uppercase [Y]es or [N]o only, please.
Keep equipping yourself?
The bolt of electricity hits you!
You die...

..... #..## .##
..... #... ..
.#.[.. ##.## .#
...#..##...###.#
........©.....#
.#..#######..#
#..#8.©.8#..#
##.#≈...P#.##
#.###@###.#
#.#;...;#.#
#.#;...≈#.#
#.#≈...≈#.#
...#≈.⌠!≈#.# #
....#≈...≈#.###.# #
.##.#≈...≈#.....#
#..##.#≈...≈#.....#
#..##.###+###.###.#


You could see 3 electric eels.

Vanquished Creatures
  Terence (D:2)
  A gnoll (D:1)
  3 adders
  2 worms (D:2)
  A dart slug (D:2)
  6 endoplasms
  3 giant cockroaches
  6 goblins
  3 hobgoblins
  4 jackals (D:3)
  4 quokkas
  5 ball pythons
  4 bats
  3 frilled lizards
  6 kobolds
  6 rats
58 creatures vanquished.

Vanquished Creatures (others)
  A plant (D:3)
1 creature vanquished.

Grand Total: 59 creatures vanquished

Notes
Turn   | Place    | Note
-------+----------+-------------------------------------------
     0 | D:1      | Cape the Minotaur Berserker began the quest for the Orb.
     0 | D:1      | Reached XP level 1. HP: 19/19 MP: 0/0
   227 | D:1      | Reached XP level 2. HP: 25/27 MP: 1/1
   308 | D:1      | Reached skill level 4 in Fighting
   381 | D:1      | HP: 2/40 [gnoll (5)]
   383 | D:1      | Reached skill level 1 in Maces & Flails
   872 | D:1      | Reached XP level 3. HP: 32/33 MP: 2/2
  1406 | D:1      | Reached ** piety under Trog
  1448 | D:2      | Found a faded altar of an unknown god.
  1984 | D:2      | Noticed Terence
  1991 | D:2      | Reached XP level 4. HP: 23/41 MP: 3/3
  1995 | D:2      | Killed Terence
  2608 | D:3      | Found a transporter.
  2671 | D:3      | Found a transporter.
  2704 | D:3      | Killed from afar by an electric eel

Illustrated notes

Levels and vault maps discovered:
D:1:      minmay_arrival_loop, layout_basic, minmay_misc_feat_columns,
          st_stairs_3, minmay_tromino_v2
D:2:      layout_loops_cross, shapermc_ecumenical_altar_notcrosses,
          kennysheep_cluttered_room, corner_web_ring, uniq_terence
D:3:      gammafunk_steamed_eel, layout_loops_ring, lightli_temple_of_fire,
          uniq_grinder, uniq_ijyb, uniq_sigmund

Skill      XL: |  1  2  3  4 |
---------------+-------------+-----
Fighting       | 4 |  4.7
Maces & Flails | 1 2 3 |  3.4
Armour         | 3 |  3.5
Axes           | |  3.9
Dodging        | |  2.3

Action                   |  1- 3 |  4- 6 || total
-------------------------+-------+-------++-------
Melee: Hand axe          |    79 |    41 ||   120
       Headbutt          |    13 |     7 ||    20
Invok: Berserk           |     1 |     1 ||     2
  Use: Scroll            |       |     1 ||     1
Armor: Robe              |    12 |       ||    12
       Ring mail         |    13 |    13 ||    26
Dodge: Dodged            |    56 |    26 ||    82
